 Dungeon Crawl Stone Soup version 0.14-a0-484-gae2d0ec (webtiles) character file.

64 Malachi the Shooter (level 3, 0/29 HPs)
             Began as a Centaur Hunter on Oct 31, 2013.
             Succumbed to a giant mite's poison
             ... on Level 1 of the Dungeon.
             The game lasted 00:01:29 (820 turns).

Malachi the Shooter (Centaur Hunter)                 Turns: 820, Time: 00:01:29

HP   0/29        AC  4     Str 14      XL: 3   Next:  5%
MP   2/2         EV 15     Int 10      God:
Gold 34          SH  0     Dex 15      Spells:  0 memorised,  2 levels left

Res.Fire  : . . .   See Invis. : .   b - +1 bow
Res.Cold  : . . .   Warding    : .   d - +0 leather armour
Life Prot.: . . .   Conserve   : .   (no shield)
Res.Poison: .       Res.Corr.  : .   (no helmet)
Res.Elec. : .       Clarity    : .   (no cloak)
Sust.Abil.: . .     Spirit.Shd : .   (no gloves)
Res.Mut.  : .       Stasis     : .   (no barding)
Res.Rott. : .       Flight     : .   (no amulet)
Saprovore : . . .                    (no ring)
                                     (no ring)

@: agile, mildly poisoned, very quick, not resistant to hostile enchantments,
fairly stealthy
A: hooves 3, deformed body, herbivore 1, speed 2, fast metabolism 1, tough skin
3
a: no special abilities


You were on level 1 of the Dungeon.
You were not hungry.

You visited 1 branch of the dungeon, and saw 1 of its levels.

You collected 34 gold pieces.

Inventory:

Hand weapons
 a - a +0,+0 short sword
 b - a +1,+1 bow (weapon)
Missiles
 c - 19 arrows (quivered)
Armour
 d - a +0 leather armour (worn)
Comestibles
 f - 2 bread rations
 g - a choko
 h - 2 rotting chunks of goblin flesh
 j - a meat ration
 k - a rotting chunk of giant newt flesh
 l - a rotting chunk of goblin flesh
 m - a rotting chunk of giant gecko flesh
 n - a rotting chunk of giant newt flesh
 p - 3 apples
 q - a rotting chunk of giant newt flesh
 r - a rotting chunk of hobgoblin flesh
 t - 3 chunks of hobgoblin flesh
 v - a chunk of giant newt flesh
 w - a chunk of giant gecko flesh
 x - a chunk of rat flesh
 z - a chunk of bat flesh
 A - a chunk of rat flesh
Scrolls
 e - a scroll of curse weapon {unknown}
 i - a scroll of identify {unknown}
 o - a scroll of curse armour {unknown}
 s - a scroll of remove curse {unknown}


   Skills:
 + Level 1.1 Fighting
 + Level 0.1 Short Blades
 + Level 6.0 Bows
 + Level 0.7 Armour
 + Level 1.6 Dodging
 + Level 0.5 Stealth


You had 2 spell levels left.
You didn't know any spells.

Dungeon Overview and Level Annotations

Branches:
Dungeon (1/27)

Altars:


Innate Abilities, Weirdness & Mutations

You have hooves in place of feet.
Armour fits poorly on your strangely shaped body.
You digest meat inefficiently.
You cover ground very quickly.
You have a fast metabolism.
You have extremely tough skin (AC +3).


Message History

You feel sick.
A bat is nearby!
A bat is nearby!
A bat is nearby!
* * * LOW HITPOINT WARNING * * *
You feel sick.
* * * LOW HITPOINT WARNING * * *
You feel sick.
Wield which item (- for none, * to show all)? (? for menu, Esc to quit)
b - a +1,+1 bow (weapon)
* * * LOW HITPOINT WARNING * * *
You feel sick.
Firing (i - inventory):
c - 20 arrows (quivered)
Press: ? - help, Shift-Dir - straight line, f - bat
Aim: a bat (resting)
You shoot an arrow. The arrow hits the bat.
You kill the bat!
* * * LOW HITPOINT WARNING * * *
You feel sick.
You die...

######################
................@(...# §≈§§####
.####...#####...######§≈§§§#.<#≈§
.# #...# #...# #§§#§§#..#≈§
.####...# ######## #≈§≈§≈#..#≈§
......### #...# #§§≈≈≈≈..≈§≈
.####....# ####...# ##≈≈≈≈≈..§§≈
.# #....# #......# #≈≈≈#≈..§#≈
.####....####.....## ##§≈≈≈..≈≈≈
...........[......#### ###≈≈..≈≈#


There were no monsters in sight!

Vanquished Creatures
  A giant mite (D:1)
  2 giant geckos (D:1)
  4 hobgoblins (D:1)
  A kobold (D:1)
  A ball python (D:1)
  3 bats (D:1)
  5 giant newts (D:1)
  3 goblins (D:1)
  3 rats (D:1)
23 creatures vanquished.

Notes
Turn   | Place    | Note
--------------------------------------------------------------
     0 | D:1      | Malachi, the Centaur Hunter, began the quest for the Orb.
     0 | D:1      | Reached XP level 1. HP: 17/17 MP: 0/0
   403 | D:1      | Reached XP level 2. HP: 24/24 MP: 1/1
   661 | D:1      | Reached skill level 6 in Bows
   808 | D:1      | Reached XP level 3. HP: 7/29 MP: 2/2
   814 | D:1      | HP: 1/29 [poisoned by a giant mite]
   820 | D:1      | Succumbed to a giant mite's poison

Action                   || total
-------------------------++-------
Melee: Short sword       ||    61
 Fire: Bow               ||     1
  Use: Potion            ||     2
